 Dungeon Crawl Stone Soup version 0.25-a0-290-g4a1327e (webtiles) character file.

Game seed: 17590485044453569310, levelgen mode: deterministic

274598 Dietz the Whirler (level 21, -1/137 HPs)
             Began as a Halfling Arcane Marksman on Dec 14, 2019.
             Was the Champion of Zin.
             Shot with a bolt by a yaktaur (11 damage)
             ... led by a yaktaur captain
             ... on level 2 of the Vaults.
             The game lasted 04:45:29 (76646 turns).

Dietz the Whirler (Halfling Arcane Marksman)       Turns: 76646, Time: 04:45:30

Health: -1/137     AC: 23    Str: 16    XL:     21   Next: 17%
Magic:  43/43      EV: 17    Int: 18    God:    Zin [******]
Gold:   2385       SH: 14    Dex: 20    Spells: 10/22 levels left

rFire    + + +     SeeInvis +   a - +9 hunting sling (flame)
rCold    + + +     Gourm    .   D - +2 buckler {rF+}
rNeg     + . .     Faith    .   B - +1 chain mail of Gozag's Fury {rElec rCorr Int+7 Stlth+} (curse)
rPois    +         Spirit   .   j - +2 helmet "Epsustru" {rPois rN+ Int+3 SInv}
rElec    +         Reflect  +   W - +1 cloak {rF+}
rCorr    +         Harm     .   k - +0 pair of gloves
MR       ++...                  q - +0 pair of boots
Stlth    ..........             h - +5 amulet of reflection
HPRegen  0.32/turn              e - ring "Caecib" {rPois rF+ rC+++ MP+9 Int-3}
MPRegen  0.28/turn              X - ring of protection from magic

@: no status effects
A: small, mutation resistance 1
}: 2/15 runes: serpentine, barnacled
a: Recite, Vitalisation, Imprison, Sanctuary, Donate Gold, Renounce Religion


You were on level 2 of the Vaults.
You worshipped Zin.
Zin was exalted by your worship.
You were not hungry.

You visited 6 branches of the dungeon, and saw 33 of its levels.
You visited the Abyss 1 time.
You also visited: Ice Cave and Volcano.

You collected 3821 gold pieces.
You spent 1119 gold pieces at shops.
You donated 317 gold pieces to Zin.

Inventory:

Hand Weapons
 a - a +9 hunting sling of flaming (weapon)
 b - a +4 dagger of venom
 E - a +3 short sword of holy wrath
 F - the +1 hunting sling of Tenacity {freeze, rF++ rC++ Dex-3}
   (You acquired it on level 14 of the Dungeon)

   It causes projectiles fired from it to freeze those they strike, causing
   extra injury to most foes and up to half again as much damage against
   particularly susceptible opponents.
   They can also slow down cold-blooded creatures.
   It affects your dexterity (-3).
   It greatly protects you from fire.
   It greatly protects you from cold.
Missiles
 d - 193 sling bullets
 g - 246 stones (quivered)
 o - 10 throwing nets
 J - 13 curare-tipped darts
Armour
 j - the +2 helmet "Epsustru" (worn) {rPois rN+ Int+3 SInv}
   (You acquired it on level 12 of the Dungeon)

   It affects your intelligence (+3).
   It protects you from poison.
   It protects you from negative energy.
   It lets you see invisible.
 k - a +0 pair of gloves (worn)
 q - a +0 pair of boots (worn)
 B - the cursed +1 chain mail of Gozag's Fury (worn) {rElec rCorr Int+7 Stlth+}
   (You found it on level 15 of the Dungeon)

   It affects your intelligence (+7).
   It insulates you from electricity.
   It provides partial protection from all sources of acid and corrosion.
   It makes you more stealthy.
   It has a curse placed upon it.
 D - a +2 buckler of fire resistance (worn)
 W - a +1 cloak of fire resistance (worn)
Jewellery
 e - the ring "Caecib" (left hand) {rPois rF+ rC+++ MP+9 Int-3}
   (You found it on level 15 of the Dungeon)

   [ring of protection from fire]

   It affects your intelligence (-3).
   It protects you from fire.
   It renders you almost immune to cold.
   It protects you from poison.
   It affects your magic capacity (+9).
 h - a +5 amulet of reflection (around neck)
 w - an uncursed ring of positive energy
 A - a +4 ring of protection
 K - the ring of Shadows {Umbra +Inv Stlth+}
   (You found it on level 11 of the Dungeon)

   [ring of stealth]

   It lets you turn invisible.
   It makes you more stealthy.
 X - a ring of protection from magic (right hand)
 Y - a +4 ring of evasion
Wands
 x - a wand of scattershot (2)
 P - a wand of enslavement (9)
 S - a wand of paralysis (9)
 V - a wand of digging (32)
 Z - a wand of acid (15)
Scrolls
 r - 7 scrolls of immolation
 s - 9 scrolls of teleportation
 v - 2 scrolls of fear
 H - 3 scrolls of magic mapping
 I - 9 scrolls of remove curse
 M - a scroll of summoning
 N - a scroll of holy word
 O - a scroll of silence
 T - 4 scrolls of fog
 U - 4 scrolls of identify
Potions
 c - 11 potions of curing
 i - a potion of mutation
 l - 8 potions of flight
 m - 4 potions of might
 n - 4 potions of haste
 t - 4 potions of agility
 u - 2 potions of magic
 y - 5 potions of heal wounds
 z - a potion of berserk rage
 C - 2 potions of cancellation
 L - 2 potions of invisibility
Miscellaneous
 G - a phial of floods
 Q - a lamp of fire
 R - a fan of gales
Comestibles
 f - 33 rations


   Skills:
 - Level 10.0 Fighting
 - Level 12.0 Short Blades
 - Level 20.0 Slings
 + Level 13.4 Armour
 - Level 12.0 Dodging
 - Level 5.6 Shields
 - Level 1.0 Spellcasting
 + Level 7.3 Hexes
 + Level 11.3 Translocations
 + Level 19.7 Invocations
 - Level 12.0 Evocations


You had 10 spell levels left.
You knew the following spells:

 Your Spells              Type           Power        Failure   Level  Hunger
a - Portal Projectile     Hex/Tloc       ####..       11%         3    ####...
b - Corona                Hex            ####...      9%          1    ##.....
c - Blink                 Tloc           N/A          2%          2    ###....
d - Slow                  Hex            ####....     13%         2    ###....
e - Apportation           Tloc           #####.       1%          1    ##.....
f - Lesser Beckoning      Tloc           #####.....   4%          3    ####...

Your spell library contained the following spells:

 Spells                   Type           Power        Failure   Level  Hunger
 Confuse                  Hex            ####....     26%         3    ####...
 Tukima's Dance           Hex            ####....     26%         3    ####...
 Recall                   Summ/Tloc      N/A          45%         3    ####...
 Ensorcelled Hibernation  Hex/Ice        ##....       50%         2    ###....
 Cause Fear               Hex            ####......   63%         4    #####..
 Dazzling Flash           Conj/Hex       ##....       75%         3    ####...
 Inner Flame              Hex/Fire       ##......     75%         3    ####...
 Beastly Appendage        Tmut           #.....       86%         1    ##.....
 Magic Dart               Conj           #...         86%         1    ##.....
 Sting                    Tmut/Pois      #...         86%         1    ##.....
 Summon Butterflies       Summ           #.......     86%         1    ##.....
 Call Imp                 Summ           #.......     95%         2    ###....
 Passwall                 Tmut/Erth      #.......     95%         2    ###....
 Poisonous Vapours        Pois/Air       #.....       95%         2    ###....
 Sticks to Snakes         Tmut           #.......     95%         2    ###....
 Leda's Liquefaction      Hex/Erth       ##........   98%         4    #####..
 Call Canine Familiar     Summ           #.......     99%         3    ####...
 Conjure Flame            Conj/Fire      #.......     99%         3    ####...
 Ignite Poison            Fire/Tmut/Pois #.......     99%         3    ####...
 Mephitic Cloud           Conj/Pois/Air  #.......     99%         3    ####...
 Spider Form              Tmut/Pois      #.........   99%         3    ####...
 Summon Forest            Summ/Tloc      ###.......   99%         5    ######.
 Animate Dead             Necr           N/A          100%        4    #####..
 Ice Form                 Ice/Tmut       #.......     100%        4    #####..
 Olgreb's Toxic Radiance  Pois           #.......     100%        4    #####..
 Summon Ice Beast         Ice/Summ       #.......     100%        4    #####..
 Summon Lightning Spire   Summ/Air       #.......     100%        4    #####..
 Alistair's Intoxication  Tmut/Pois      #.......     100%        5    ######.
 Aura of Abjuration       Summ           #.........   100%        5    ######.
 Blade Hands              Tmut           #.........   100%        5    ######.
 Bolt of Magma            Conj/Fire/Erth #.........   100%        5    ######.
 Borgnjor's Vile Clutch   Necr/Erth      #.........   100%        5    ######.
 Iskenderun's Battlesphe  Conj/Chrm      #.......     100%        5    ######.
 Silence                  Hex/Air        ##........   100%        5    ######.
 Summon Demon             Summ           #.........   100%        5    ######.
 Summon Mana Viper        Hex/Summ       ##......     100%        5    ######.
 Yara's Violent Unravell  Hex/Tmut       ##........   100%        5    ######.
 Conjure Ball Lightning   Conj/Air       #.........   100%        6    #######
 Death Channel            Necr           #.........   100%        6    #######
 Deflect Missiles         Chrm/Air       #.........   100%        6    #######
 Invisibility             Hex            ####....     100%        6    #######
 Iron Shot                Conj/Erth      #.........   100%        6    #######
 Shadow Creatures         Summ           N/A          100%        6    #######
 Simulacrum               Ice/Necr       #.........   100%        6    #######
 Statue Form              Tmut/Erth      #........    100%        6    #######
 Dragon Form              Tmut           #.........   100%        7    #######
 Orb of Destruction       Conj           #.........   100%        7    #######
 Spellforged Servitor     Conj/Summ      #.........   100%        7    #######
 Summon Hydra             Summ           #.........   100%        7    #######
 Discord                  Hex            ####......   100%        8    #######
 Shatter                  Erth           #.........   100%        9    #######
 Tornado                  Air            #.........   100%        9    #######


Dungeon Overview and Level Annotations

Branches:
Dungeon (15/15)            Temple (0/1) D:7            Lair (6/6) D:10
 Shoals (4/4) Lair:3        Snake (4/4) Lair:4        Slime (0/5) Lair:6
    Orc (2/2) D:10            Elf (0/3) Orc:2        Vaults (2/5) D:13
 Depths (0/5) D:15          IceCv (visited)         Volcano (visited)
  Crypt: Vaults:2-3

Altars:
Ashenzari
Dithmenos
Elyvilon
Gozag
Hepliaklqana
Kikubaaqudgha
Makhleb
Nemelex Xobeh
Ru
Trog
Vehumet
Wu Jian
Xom
Yredelemnul
Zin
The Shining One
Beogh

Shops:
D:5 *   D:6 (   D:13 *   Orc:2 :}:(   Shoals:3 *   Snake:1 }}=

Annotations:
D:15 exclusion: orange crystal statue
Shoals:3 exclusion: downstairs
Shoals:4 1 runed translucent door, buttes's ghost, adept VSBe
Vaults:1 3 runed translucent doors, Hyotygoi's ghost, adept MiFi


Innate Abilities, Weirdness & Mutations

You are small and have problems with some larger weapons.
You are somewhat resistant to further mutation.


Message History

The yaktaur captain shoots a bolt.
The bolt hits you!!
The yaktaur wields a +0 arbalest.
The yaktaur shoots a bolt.
The bolt hits you but does no damage.
You are too injured to fight recklessly!
You are too injured to fight recklessly!
You are too injured to fight recklessly!
You are too injured to fight recklessly!
You are too injured to fight recklessly!
Unknown command.
You are too injured to fight recklessly!
You are too injured to fight recklessly!
The yaktaur captain shoots a bolt.
The bolt hits you!
The yaktaur shoots a bolt.
The bolt hits you!!
* * * LOW HITPOINT WARNING * * *
There is a stone staircase leading up, spattered with blood here.
You see here 2 bolts.
The yaktaur captain shoots a bolt.
The bolt hits you!
* * * LOW HITPOINT WARNING * * *
The yaktaur shoots a bolt.
The bolt hits you!
You die...

#......#..c....
#......#.......
#......#.......
#......#.......
#......#..c....
#..(...#()c....
#....(().)c....
#......#.......
#..@...#..)....
#......#...)((.
#......#.....(8
#..[...#......c
##+#####.......
...####


You could see a yaktaur captain and 2 yaktaurs.

Vanquished Creatures
  A sphinx (Vaults:1)
  Roxanne (Shoals:4)
  Kirke (D:15)
  Donald (Shoals:2)
  7 nagarajas
  A frost giant (IceCv)
  A deep elf sorcerer (Vaults:1)
  Aizul (Vaults:1)
  2 vault wardens (Vaults:1)
  An emperor scorpion (D:15)
  Louise (D:14)
  An ironheart preserver (Vaults:1)
  Azrael (Orc:2)
  A deep elf demonologist (Vaults:1)
  The ghost of Reggaeck the Severer, a journeyman HOFi of Beogh (D:12)
  2 dire elephants
  Snorg (Orc:1)
  3 merfolk javelineers (Shoals:4)
  An ettin (Orc:2)
  6 merfolk impalers
  2 yaktaur captains
  A great orb of eyes (D:15)
  8 hydras
  Erolcha (D:13)
  2 ice dragons
  3 vault guards (Vaults:1)
  5 ogre magi
  17 naga warriors
  2 catoblepae
  A rakshasa (Vaults:1)
  3 merfolk avatars
  6 centaur warriors
  10 merfolk aquamancers
  9 anacondas
  14 two-headed ogres
  2 satyrs
  14 death yaks
  3 alligator snapping turtles
  2 tengu warriors
  15 naga sharpshooters
  An orc high priest (Orc:1)
  4 shock serpents
  Sonja (Orc:1)
  A shadow wraith (Vaults:1)
  3 deep elf knights (Vaults:1)
  2 salamander mystics (Snake:2)
  4 skeletal warriors
  15 sea snakes
  4 unseen horrors
  3 deep elf archers (Vaults:1)
  13 harpies
  9 naga ritualists
  A lindwurm (Lair:6)
  A phantasmal warrior (D:11)
  4 oklob plants (Lair:3)
  2 ironbrand convokers (Vaults:1)
  13 mana vipers
  2 wizards
  An orc sorcerer (D:15)
  13 orc knights
  8 deep elf magi
  18 manticores
  30 ugly things
  8 cyclopes
  12 salamanders
  10 fauns
  6 centaur zombies
  6 elephants
  25 naga magi
  An ice statue (IceCv)
  36 black mambas
  8 merfolk sirens
  6 water nymphs
  2 torpor snails
  7 guardian serpents
  7 spiny frogs
  2 vault sentinels (Vaults:1)
  A guardian serpent (shapeshifter) (Vaults:1)
  A rime drake (Lair:4)
  A gargoyle (D:9)
  19 yaktaurs
  A freezing wraith (D:15)
  5 komodo dragons
  A tengu conjurer (D:14)
  A harpy zombie (D:15)
  29 polar bears
  7 trolls
  29 merfolk
  A raiju (shapeshifter) (Vaults:2)
  2 hornets
  7 wind drakes
  22 blink frogs
  Prince Ribbit (D:7)
  3 raiju (Lair:6)
  A slime creature (D:11)
  8 snapping turtles
  7 dream sheep
  18 hippogriffs
  2 shadows (D:11)
  A centaur simulacrum (D:15)
  A spriggan (shapeshifter) (D:15)
  9 spriggans (Lair:1)
  5 wraiths
  47 yaks
  5 basilisks
  6 water elementals
  A fire elemental (Orc:2)
  5 hogs
  4 wyverns
  A human (D:7)
  Grum (D:8)
  Sigmund (D:2)
  5 hungry ghosts
  Menkaure (D:7)
  2 steam dragons
  3 vampire mosquitoes
  Edmund (D:6)
  17 wargs
  An acid dragon (D:11)
  42 nagas
  Duvessa (D:7)
  9 porcupines
  16 water moccasins
  2 small abominations (Abyss:2)
  15 hell hounds
  2 phantoms
  50 orc warriors
  10 ice beasts
  2 sky beasts
  12 black bears
  49 wolves
  2 eyes of draining
  2 necrophages (D:8)
  4 boggarts (Vaults:1)
  15 ogres
  13 centaurs
  9 crocodiles
  16 bullfrogs
  4 scorpions
  Dowan (D:7)
  14 killer bees (D:11)
  4 howler monkeys
  8 wights
  2 electric eels
  5 crimson imps
  6 centaur skeletons
  4 hounds
  5 jellies
  2 bullfrog skeletons (D:10)
  A gnoll shaman (D:8)
  17 orc priests
  2 iguanas
  7 worker ants
  27 orc wizards
  A hell rat (Lair:6)
  A bullfrog simulacrum (D:13)
  A hound zombie (D:10)
  2 hound skeletons
  A mummy (D:8)
  3 worker ant zombies
  20 adders
  7 gnolls
  5 shadow imps
  3 white imps (D:13)
  3 ufetubi (D:13)
  An ooze (D:2)
  3 worms
  3 adder skeletons
  2 dart slugs
  4 leopard geckos
  113 orcs
  2 giant cockroaches
  8 goblins
  4 hobgoblins
  5 kobolds
  4 quokkas
  4 ball pythons
  12 bats
  5 frilled lizards
  A jackal skeleton (D:4)
  A quokka skeleton (D:5)
  10 rats
  5 fungi
  5 plants
1347 creatures vanquished.

Vanquished Creatures (collateral kills)
  A black mamba (Snake:3)
  An orc priest (Orc:1)
2 creatures vanquished.

Vanquished Creatures (others)
  An ironheart preserver (Vaults:1)
  A centaur warrior (D:13)
  A slime creature (Vaults:1)
  A deep elf archer (Vaults:1)
  A salamander (Snake:4)
  A cyclops (Vaults:1)
  A faun (Shoals:3)
  2 yaktaurs
  2 humans (D:15)
  2 orc warriors
  An ice beast (D:15)
  An ogre (Vaults:1)
  9 centaurs
  A wight (D:12)
  An adder (D:11)
  A quokka (D:9)
  A bush (Lair:6)
  17 fungi
  11 pillars of salt
  35 plants
  A starspawn tentacle (Abyss:2)
92 creatures vanquished.

Grand Total: 1441 creatures vanquished

Notes
Turn   | Place    | Note
-------+----------+-------------------------------------------
     0 | D:1      | Dietz the Halfling Arcane Marksman began the quest for the
                  | Orb.
     0 | D:1      | Reached XP level 1. HP: 12/12 MP: 2/2
    89 | D:1      | Reached XP level 2. HP: 18/18 MP: 3/3
   134 | D:1      | Reached skill level 4 in Slings
   586 | D:2      | Reached XP level 3. HP: 22/22 MP: 4/4
   708 | D:1      | Reached skill level 5 in Slings
  1286 | D:2      | Reached XP level 4. HP: 27/27 MP: 5/5
  1354 | D:2      | Reached skill level 6 in Slings
  1430 | D:2      | Noticed a phantom
  2028 | D:2      | Noticed Sigmund
  2055 | D:2      | Killed Sigmund
  2055 | D:2      | Reached skill level 8 in Slings
  2055 | D:2      | Reached XP level 5. HP: 27/32 MP: 6/6
  2055 | D:2      | Reached XP level 6. HP: 32/37 MP: 7/7
  2227 | D:3      | Reached skill level 9 in Slings
  2703 | D:4      | Noticed an ogre
  2735 | D:4      | Killed an ogre
  2735 | D:4      | Reached XP level 7. HP: 42/42 MP: 8/8
  2749 | D:4      | Reached skill level 10 in Slings
  3378 | D:4      | Found Zin's Purification Station.
  3380 | D:4      | Found a glowing silver altar of Zin.
  3612 | D:4      | Found a basalt altar of Yredelemnul.
  3617 | D:4      | Found a glowing golden altar of the Shining One.
  3665 | D:4      | Noticed an angel
  3673 | D:4      | Noticed a profane servitor
  3688 | D:4      | Bought 2 potions of curing for 180 gold pieces
  3691 | D:4      | Became a worshipper of Zin the Law-Giver
  3712 | D:5      | Entered Level 5 of the Dungeon
  3871 | D:5      | Found Guozanezxu's Assorted Antiques.
  3900 | D:5      | Reached skill level 11 in Slings
  4248 | D:5      | Reached skill level 12 in Slings
  4248 | D:5      | Reached XP level 8. HP: 22/47 MP: 9/9
  4253 | D:5      | Reached skill level 1 in Fighting
  4501 | D:5      | Reached skill level 1 in Short Blades
  4501 | D:5      | Reached skill level 1 in Armour
  4501 | D:5      | Reached skill level 1 in Invocations
  5096 | D:5      | Found a white marble altar of Elyvilon.
  5203 | D:5      | Bought an inky potion for 21 gold pieces
  5207 | D:5      | Learned a level 3 spell: Portal Projectile
  5853 | D:6      | Found Iwkem's Antique Weapon Shoppe.
  6321 | D:6      | Noticed Edmund
  6362 | D:6      | Killed Edmund
  6397 | D:6      | Reached XP level 9. HP: 50/55 MP: 9/11
  7176 | D:7      | Noticed Dowan
  7191 | D:7      | Killed Dowan
  7251 | D:7      | Noticed Prince Ribbit
  7306 | D:7      | Reached * piety under Zin
  7444 | D:7      | Killed Prince Ribbit
  7581 | D:7      | Noticed Duvessa
  7631 | D:7      | Killed Duvessa
  7697 | D:7      | Reached ** piety under Zin
  7937 | D:7      | Reached skill level 5 in Dodging
  8130 | D:7      | Noticed Menkaure
  8137 | D:7      | Killed Menkaure
  8212 | D:7      | Reached skill level 5 in Short Blades
  8275 | D:6      | Reached XP level 10. HP: 26/63 MP: 13/13
  8691 | D:7      | Reached skill level 5 in Armour
  8691 | D:7      | Reached skill level 5 in Invocations
  8867 | D:7      | Found a staircase to the Ecumenical Temple.
  8960 | D:8      | Noticed Grum
  9237 | D:8      | Found a sacrificial altar of Ru.
  9237 | D:8      | Found a shattered altar of Ashenzari.
  9467 | D:6      | Bought a runed hunting sling for 148 gold pieces
 10029 | D:8      | Found a hazy altar of Hepliaklqana.
 10030 | D:8      | Found an opulent altar of Gozag.
 10030 | D:8      | Found a radiant altar of Vehumet.
 10031 | D:8      | Found a bloodstained altar of Trog.
 10031 | D:8      | Found an ancient bone altar of Kikubaaqudgha.
 10032 | D:8      | Found an ornate altar of the Wu Jian Council.
 10193 | D:8      | Killed Grum
 10205 | D:8      | Reached *** piety under Zin
 10320 | D:8      | Found a sacrificial altar of Ru.
 10332 | D:8      | Reached skill level 5 in Fighting
 11068 | D:9      | Reached XP level 11. HP: 58/72 MP: 15/15
 11260 | D:9      | Reached **** piety under Zin
 11398 | D:10     | Entered Level 10 of the Dungeon
 11450 | D:10     | Noticed an elephant
 11478 | D:9      | HP: 2/72 [hippogriff (2)]
 12402 | D:10     | Got a crystal morningstar
 12403 | D:10     | Identified the cursed +1 morningstar of Evil {crush, rC+}
                  | (You found it on level 10 of the Dungeon)
 12456 | D:10     | Noticed an ice dragon
 12932 | D:10     | Reached ***** piety under Zin
 13009 | D:10     | Found a staircase to the Lair.
 13088 | D:10     | Killed an elephant
 13439 | D:10     | Found a staircase to the Orcish Mines.
 14089 | Lair:1   | Entered Level 1 of the Lair of Beasts
 14105 | Lair:1   | Found a sparkling altar of Nemelex Xobeh.
 14719 | Lair:1   | Reached XP level 12. HP: 71/80 MP: 17/17
 14756 | Lair:1   | Noticed a seven-headed hydra
 14771 | Lair:1   | Killed a seven-headed hydra
 15204 | Lair:1   | Reached skill level 1 in Shields
 16476 | Lair:2   | Noticed a death yak
 16656 | Lair:2   | Noticed a death yak
 16701 | Lair:2   | Killed a death yak
 16725 | Lair:2   | Killed a death yak
 17790 | Lair:3   | Found a staircase to the Shoals.
 17943 | Lair:3   | Reached XP level 13. HP: 84/87 MP: 19/19
 18961 | Lair:3   | Reached skill level 10 in Short Blades
 20101 | Lair:4   | Noticed a seven-headed hydra
 20113 | Lair:4   | Killed a seven-headed hydra
 20144 | Lair:4   | Reached skill level 10 in Dodging
 20420 | Lair:4   | Noticed a catoblepas
 20471 | Lair:4   | Killed a catoblepas
 20601 | Lair:4   | Reached skill level 5 in Shields
 20829 | Lair:4   | Noticed a six-headed hydra
 20843 | Lair:4   | Killed a six-headed hydra
 21086 | Lair:4   | Found a staircase to the Snake Pit.
 21543 | Lair:5   | Reached ****** piety under Zin
 21556 | Lair:5   | Learned a level 2 spell: Blink
 21559 | Lair:5   | Learned a level 2 spell: Slow
 21879 | Lair:5   | Reached skill level 10 in Armour
 22286 | Lair:5   | Reached skill level 10 in Invocations
 23105 | Lair:5   | Reached XP level 14. HP: 95/95 MP: 21/21
 23540 | Lair:6   | Entered Level 6 of the Lair of Beasts
 27827 | Lair:6   | Noticed a dire elephant
 27966 | Lair:6   | Found a staircase to the Slime Pits.
 28288 | Lair:6   | Killed a dire elephant
 28288 | Lair:6   | Reached XP level 15. HP: 90/103 MP: 23/23
 28468 | Lair:5   | Reached skill level 10 in Fighting
 30580 | D:11     | Reached skill level 1 in Translocations
 31781 | D:11     | Found a runed translucent door.
 31911 | D:11     | Identified a scroll of acquirement
 32316 | D:11     | Identified the ring "Tibeco" {+Inv rPois Int+4 SInv}
 32317 | D:11     | Found the ring of Shadows {Umbra +Inv Stlth+}
 32720 | D:11     | Got a twitching amber ring
 32722 | D:11     | Identified the ring of Devotion {+Fly rPois MR- Dex+3} (You
                  | found it on level 11 of the Dungeon)
 32755 | D:11     | Got a shimmering golden ring
 32759 | D:11     | Identified the ring "Joun" {rC+ Stlth-} (You found it on
                  | level 11 of the Dungeon)
 33230 | D:12     | Got a smoking helmet
 33236 | D:12     | Identified the +2 helmet "Epsustru" {rPois rN+ Int+3 SInv}
                  | (You acquired it on level 12 of the Dungeon)
 33743 | D:13     | Found a runed translucent gate.
 33743 | D:13     | Found a runed translucent gate.
 33743 | D:13     | Found a runed translucent gate.
 33744 | D:13     | Found an opulent altar of Gozag.
 33745 | D:13     | Found Vankariqiur's Assorted Antiques.
 33745 | D:13     | Noticed Reggaeck's ghost (journeyman HOFi)
 33764 | D:13     | Found a frozen archway.
 33773 | IceCv    | Entered an ice cave
 33846 | IceCv    | Reached skill level 5 in Translocations
 35145 | IceCv    | Reached XP level 16. HP: 63/109 MP: 26/26
 35404 | IceCv    | Noticed a frost giant
 35441 | IceCv    | Killed a frost giant
 35872 | D:13     | Reached skill level 1 in Evocations
 35883 | D:13     | Cast into level 2 of the Abyss (a wizard)
 35991 | Abyss:2  | Noticed a tentacled starspawn
 35996 | D:13     | Escaped the Abyss
 36459 | D:13     | Found a gate to the Vaults.
 36614 | D:13     | Noticed Erolcha
 36626 | D:13     | Killed Erolcha
 37015 | D:12     | Killed Reggaeck's ghost
 37419 | D:13     | Bought a potion of heal wounds for 110 gold pieces
 37419 | D:13     | Bought a potion of heal wounds for 110 gold pieces
 37963 | Orc:1    | Entered Level 1 of the Orcish Mines
 38167 | Orc:2    | Entered Level 2 of the Orcish Mines
 38287 | Orc:2    | Found a dark tunnel.
 38297 | Volcano  | Entered a volcano
 38749 | Orc:2    | Found a staircase to the Elven Halls.
 38756 | Orc:1    | Noticed Sonja
 38780 | Orc:1    | Killed Sonja
 38808 | Orc:1    | Noticed Snorg
 38845 | Orc:1    | Killed Snorg
 38845 | Orc:1    | Reached skill level 5 in Evocations
 38970 | Orc:1    | Found a burning altar of Makhleb.
 39127 | Orc:1    | Reached skill level 13 in Slings
 40109 | Orc:2    | Found Ythe's Gadget Emporium.
 40109 | Orc:2    | Found Tefuseso's Book Boutique.
 40136 | Orc:2    | Reached skill level 15 in Invocations
 40558 | Orc:2    | Found a roughly hewn altar of Beogh.
 40584 | Orc:2    | Noticed Azrael
 40690 | Orc:2    | Killed Azrael
 40729 | Orc:2    | Found Cesh's Weapon Emporium.
 40729 | Orc:2    | Found Wosh's Book Boutique.
 41473 | Snake:1  | Entered Level 1 of the Snake Pit
 42976 | Snake:1  | Reached XP level 17. HP: 115/115 MP: 28/28
 43069 | Snake:1  | Reached skill level 14 in Slings
 43410 | Snake:1  | Found Doyce's Jewellery Emporium.
 43410 | Snake:1  | Found Vacyah's Gadget Shop.
 43411 | Snake:1  | Found Iguromp's Gadget Shop.
 47057 | Snake:3  | Reached skill level 15 in Slings
 47916 | Snake:3  | Reached skill level 10 in Evocations
 50085 | Snake:4  | Entered Level 4 of the Snake Pit
 50268 | Snake:4  | Found a hazy altar of Hepliaklqana.
 50462 | Snake:4  | Reached skill level 16 in Slings
 51758 | Snake:4  | Reached XP level 18. HP: 114/120 MP: 30/30
 54083 | Snake:4  | Reached skill level 17 in Slings
 56535 | Snake:4  | Got a serpentine rune of Zot
 57451 | Shoals:1 | Entered Level 1 of the Shoals
 57822 | D:14     | Identified the +0 scale mail "Suzxytif" {rPois rF+ Int+2}
                  | (You found it on level 14 of the Dungeon)
 57916 | D:14     | Reached skill level 18 in Slings
 58094 | D:14     | Got a polished hunting sling
 58095 | D:14     | Identified the +1 hunting sling of Tenacity {freeze, rF++
                  | rC++ Dex-3} (You acquired it on level 14 of the Dungeon)
 58267 | D:14     | Noticed Louise
 58308 | D:14     | Killed Louise
 58947 | D:15     | Entered Level 15 of the Dungeon
 59030 | D:14     | Reached XP level 19. HP: 126/126 MP: 32/32
 60043 | D:15     | Noticed Kirke
 60064 | D:15     | Killed Kirke
 60073 | D:15     | Reached skill level 19 in Slings
 60304 | D:15     | Found a shadowy altar of Dithmenos.
 60357 | D:15     | Found a staircase to the Depths.
 61126 | Orc:2    | Bought a book of Party Tricks for 550 gold pieces
 61128 | Orc:2    | Learned a level 1 spell: Apportation
 61132 | Orc:2    | Learned a level 3 spell: Lesser Beckoning
 61367 | D:15     | Identified the ring "Caecib" {rPois rF+ rC+++ MP+9 Int-3}
                  | (You found it on level 15 of the Dungeon)
 61486 | D:15     | Identified the cursed +1 chain mail of Gozag's Fury {rElec
                  | rCorr Int+7 Stlth+} (You found it on level 15 of the
                  | Dungeon)
 66214 | Shoals:2 | Noticed Donald
 67429 | Shoals:3 | Found Lanwov's Island Escapes.
 68214 | Shoals:3 | Reached skill level 5 in Hexes
 68798 | Shoals:4 | Entered Level 4 of the Shoals
 68798 | Shoals:4 | Identified Roxanne's Volume of Shape Shifting
 68798 | Shoals:4 | Noticed Roxanne
 68842 | Shoals:4 | Found a runed translucent door.
 68843 | Shoals:4 | Found a shimmering altar of Xom.
 68843 | Shoals:4 | Noticed buttes's ghost (adept VSBe)
 69290 | Shoals:4 | Reached XP level 20. HP: 95/132 MP: 31/33
 69934 | Shoals:2 | Killed Donald
 70412 | Shoals:3 | Reached skill level 20 in Slings
 71075 | Shoals:4 | Identified the +7 rapier of a Labyrinth {protect, *Contam
                  | rElec Int+2}
 72017 | Shoals:4 | Reached skill level 10 in Translocations
 72205 | Shoals:4 | Killed Roxanne
 73249 | Shoals:4 | Got a barnacled rune of Zot
 73570 | Vaults:1 | Entered Level 1 of the Vaults
 73925 | Vaults:1 | Found the cursed necklace of Bloodlust {*Rage +Rage MR++
                  | Int-3 Slay+6 *Curse}
 75491 | Vaults:1 | Reached XP level 21. HP: 137/137 MP: 34/34
 75868 | Vaults:1 | Found a runed translucent gate.
 75868 | Vaults:1 | Found a runed translucent gate.
 75868 | Vaults:1 | Found a runed translucent gate.
 75919 | Vaults:1 | Noticed Hyotygoi's ghost (adept MiFi)
 76337 | Vaults:2 | Noticed Aizul
 76374 | Vaults:1 | Killed Aizul
 76646 | Vaults:2 | Shot with a bolt by a yaktaur

Levels and vault maps discovered:
D:1:      wander_arrival_abandoned_jail, layout_rooms
D:2:      layout_loops_ring, kennysheep_generic_room_8, uniq_sigmund
D:3:      layout_rooms, first_ration
D:4:      layout_basic, grunt_temple_overflow_holy_war, zin_purify,
          item_on_display_a
D:5:      layout_loops_ring, lemuel_coloured_pillars_altar, serial_shops,
          nicolae_shop_overgrown_old_shop, minmay_quadrilaterals
D:6:      layout_basic, serial_shops, shop, uniq_edmund
D:7:      layout_basic, minmay_temple_entry_mini_moons, grunt_livestock,
          uniq_prince_ribbit1, uniq_duvessa, uniq_menkaure
D:8:      layout_rooms, grunt_temple_overflow_open, serial_undead,
          serial_undead_e, serial_undead_a, serial_undead_e, serial_undead_e,
          nicolae_ru_the_path_less_chosen, uniq_grum
D:9:      layout_rooms
D:10:     layout_gridville, david_lair_generic, orc_0_dummy, minmay_the_grid_2x2
          [minmay_the_grid_paths, minmay_the_grid_dragon_b,
          minmay_the_grid_stretched_grid, minmay_the_grid_prize_trominoes]
D:11:     layout_basic, minmay_st_funbox
D:12:     layout_big_octagon
D:13:     layout_rooms, david_vaults_1, ebering_ghost_gozag, serial_ice,
          serial_ice_i, serial_ice_g, serial_ice_f, serial_ice_b,
          portal_ice_cave_entry_pillars_1, uniq_erolcha
D:14:     layout_gridville, chequers_serial_rivers_marsh, uniq_louise
D:15:     hangedman_depths_entry_try_elsewhere_first, layout_loops_ring,
          grunt_dithmenos_smoke, serial_park_tiny_pond, minivault_15, uniq_kirke
Lair:1:   kb_forest_paths, layout_regular_city, basic_altar
Lair:2:   layout_chaotic_city, lemuel_fruit_tree, serial_bayou_shore_a
Lair:3:   layout_chaotic_city, elwin_shoals_entry_rooms,
          chequers_serial_rivers_micro_d, serial_bayou_shore_b,
          minmay_lair_oklob_chamber
Lair:4:   layout_loops_ring, minmay_snake_entry_six_corridors,
          grunt_megastairs_1
Lair:5:   layout_hall_layers, serial_bayou_shore_b
Lair:6:   hangedman_lair_in_review, layout_misc_corridors,
          hangedman_lair_caniforms_friends, dpeg_slime_entry_corner,
          hibernation_bobbens
Shoals:1: layout_shoals
Shoals:2: layout_shoals, uniq_donald
Shoals:3: layout_shoals, nicolae_island_escapes
Shoals:4: shoals_end_simple, layout_shoals, ebering_ghost_xom,
          nicolae_shoals_aquamancer_cove, uniq_roxanne
Snake:1:  layout_onion, minmay_shop_grove
Snake:2:  layout_grid_shapes, special_room
Snake:3:  layout_honeycomb
Snake:4:  snake_pit, layout_onion_interference, basic_altar, drop_trap,
          serial_bayou_pond_d
Orc:1:    layout_diamond_mine, bloody_makhleb, uniq_sonja, uniq_snorg
Orc:2:    st_orc_town, layout_diamond_mine, nicolae_volcano_entry_two_sided,
          uniq_azrael
Vaults:1: gammafunk_vaults_ghost_tricky_traps, v_misc_25, v_alt_pattern_4,
          ontoclasm_vaults_chip, v_rooms_3, grunt_vaults_trifunnel,
          nicolae_vaults_mini_display_case, hangedman_vaults_stitches,
          nicolae_vaults_sealed_display, nicolae_vaults_asterisk,
          ontoclasm_vaults_pinch, grunt_vaults_bifocal, vaults_room_semicircle,
          layout_vaults_maze_bifur
Vaults:2: nicolae_vaults_little_ls, minmay_crypt_entry_necro_gods,
          nicolae_vaults_specimen_jars, nicolae_vaults_murderbox,
          vaults_room_pools, vaults_dpeg_ring, ontoclasm_vaults_loading_screen,
          layout_vaults_chaotic_city, serial_shops, nicolae_shop_behind_doors,
          uniq_aizul

Skill      XL: |  1  2  3  4  5  6  7  8  9 10 11 12 13 14 15 16 17 18 19 20 |
---------------+-------------------------------------------------------------+-----
Slings         | 4 5 8 9 12 13 16 18 19 20 | 20.0
Fighting       | 2 4 5 6 7 8 9 10 | 10.0
Short Blades   | 3 5 6 8 9 11 12 | 12.0
Armour         | 3 4 6 7 9 10 11 13 | 13.4
Invocations    | 3 4 6 7 9 10 11 14 15 16 18 19 | 19.7
Dodging        | 4 5 6 8 9 10 11 12 | 12.0
Shields        | 3 5 |  5.6
Translocations | 6 8 9 11 | 11.3
Hexes          | 4 5 7 |  7.3
Evocations     | 7 10 12 | 12.0
Spellcasting   | |  1.0

Action                   |  1- 3 |  4- 6 |  7- 9 | 10-12 | 13-15 | 16-18 | 19-21 || total
-------------------------+-------+-------+-------+-------+-------+-------+-------++-------
Melee: Dagger            |    24 |       |    34 |       |       |       |   874 ||   932
       Whip              |    13 |       |       |       |       |       |       ||    13
       Flail             |       |       |    39 |       |       |       |       ||    39
       Short sword       |       |       |     8 |   363 |   971 |  4592 |   827 ||  6761
 Fire: Hunting sling     |    81 |   124 |   467 |  1063 |  2434 |   664 |  1278 ||  6111
Throw: Throwing net      |       |     1 |     1 |       |       |       |       ||     2
       Dart              |       |     6 |    31 |    39 |    37 |    13 |     1 ||   127
 Cast: Portal Projectile |       |       |       |       |       |    31 |    10 ||    41
       Blink             |       |       |       |       |       |     3 |       ||     3
       Apportation       |       |       |       |       |       |       |    10 ||    10
Invok: Recite            |       |       |     5 |    28 |     4 |    80 |    47 ||   164
       Vitalisation      |       |       |       |     8 |    14 |     6 |     2 ||    30
       Imprison          |       |       |       |     1 |       |       |     1 ||     2
Evoke: Wand              |       |       |     1 |    13 |    14 |     6 |    45 ||    79
       Lamp of fire      |       |       |       |     1 |       |     1 |     2 ||     4
       Phial of floods   |       |       |       |       |       |     1 |       ||     1
       Fan of gales      |       |       |       |       |       |       |     2 ||     2
  Use: Scroll            |     6 |       |     7 |     6 |    26 |    17 |     6 ||    68
       Potion            |       |       |     5 |     6 |     2 |     7 |     3 ||    23
 Stab: Sleeping          |     2 |       |     1 |       |       |     1 |       ||     4
       Confused          |       |       |       |     1 |     1 |   145 |    28 ||   175
       Paralysed         |       |       |       |       |       |    32 |     9 ||    41
       Invisible         |       |       |       |       |       |     4 |       ||     4
  Eat: Chunk             |       |     1 |     9 |    21 |    32 |    13 |    17 ||    93
       Ration            |       |     1 |     2 |     3 |     5 |    21 |    12 ||    44
Armor: Robe              |    10 |     4 |    11 |       |       |       |       ||    25
       Ring mail         |       |       |       |    20 |       |       |       ||    20
       Acid dragon scale |       |       |       |   103 |   238 |   489 |    63 ||   893
       Chain mail        |       |       |       |       |       |       |   394 ||   394
Dodge: Dodged            |    54 |    39 |   125 |   444 |  1414 |  1814 |   878 ||  4768
Block: Other             |    15 |     7 |    35 |   105 |       |       |       ||   162
       Reflection        |       |       |     2 |     8 |    17 |   146 |   101 ||   274
       Buckler           |       |       |       |    86 |  1116 |  1884 |  1037 ||  4123

Table legend:
 A = Non-vault XP
 B = Vault XP
 C = Vault XP percentage of total XP
 D = Non-vault monster count
 E = Vault monster count
 F = Vault count percentage of total count
                 A         B        C        D         E       F
            +---------+---------+-------+---------+---------+-------
      Total |  271392 |  157605 |  36.7 |     908 |     443 |  32.8
            +---------+---------+-------+---------+---------+-------
        D:1 |      38 |       0 |   0.0 |      19 |       0 |   0.0
        D:2 |      67 |     198 |  74.7 |      23 |       2 |   8.0
        D:3 |      69 |       0 |   0.0 |      11 |       0 |   0.0
        D:4 |     365 |       0 |   0.0 |      22 |       0 |   0.0
        D:5 |     466 |     213 |  31.4 |      17 |       8 |  32.0
        D:6 |    1040 |     569 |  35.4 |      19 |       3 |  13.6
        D:7 |     821 |    1555 |  65.4 |      19 |      10 |  34.5
        D:8 |     766 |     570 |  42.7 |      11 |       7 |  38.9
        D:9 |    1698 |     455 |  21.1 |      27 |       2 |   6.9
       D:10 |    5022 |    2657 |  34.6 |      42 |       9 |  17.6
       D:11 |    4965 |    3183 |  39.1 |      48 |       8 |  14.3
       D:12 |    5100 |    1235 |  19.5 |      26 |       2 |   7.1
       D:13 |    7679 |    4812 |  38.5 |      22 |      20 |  47.6
       D:14 |   14013 |    1562 |  10.0 |      30 |       1 |   3.2
       D:15 |   14938 |    6150 |  29.2 |      38 |       6 |  13.6
     Lair:1 |    1875 |    4183 |  69.0 |      10 |      16 |  61.5
     Lair:2 |    4363 |       0 |   0.0 |      15 |       0 |   0.0
     Lair:3 |    9795 |    3270 |  25.0 |      28 |       9 |  24.3
     Lair:4 |    4646 |    2318 |  33.3 |      10 |      16 |  61.5
     Lair:5 |   12788 |    1151 |   8.3 |      44 |       3 |   6.4
     Lair:6 |   10823 |   20402 |  65.3 |      37 |      75 |  67.0
   Shoals:1 |   10650 |       0 |   0.0 |      23 |       0 |   0.0
   Shoals:2 |   13011 |    1918 |  12.8 |      25 |       1 |   3.8
   Shoals:3 |   12954 |    4760 |  26.9 |      25 |       7 |  21.9
   Shoals:4 |   12699 |   20773 |  62.1 |      27 |      31 |  53.4
    Snake:1 |   12602 |       0 |   0.0 |      24 |       0 |   0.0
    Snake:2 |   17732 |       0 |   0.0 |      34 |       0 |   0.0
    Snake:3 |   23707 |       0 |   0.0 |      46 |       0 |   0.0
    Snake:4 |   22527 |   28720 |  56.0 |      45 |      41 |  47.7
      Orc:1 |    2848 |    1609 |  36.1 |      39 |       2 |   4.9
      Orc:2 |    2873 |    9938 |  77.6 |      31 |      63 |  67.0
   Vaults:1 |   35219 |   20273 |  36.5 |      62 |      41 |  39.8
   Vaults:2 |    3060 |       0 |   0.0 |       7 |       0 |   0.0
    Abyss:2 |     173 |       0 |   0.0 |       2 |       0 |   0.0
      IceCv |       0 |   13859 | 100.0 |       0 |      54 | 100.0
    Volcano |       0 |    1272 | 100.0 |       0 |       6 | 100.0
            +---------+---------+-------+---------+---------+-------
